 Dungeon Crawl Stone Soup version 0.24.1-14-gf8d2b509d9 (console) character file.

Game seed: 12712194509367553167, levelgen mode: deterministic

134117 Kagalorn the Fighter (level 17, -1/136 HPs)
             Began as a Gnoll Wanderer on Aug 26, 2020.
             Was the Champion of the Shining One.
             Slain by a shambling mangrove (15 damage)
             ... on level 1 of the Swamp.
             The game lasted 01:48:49 (39516 turns).

Kagalorn the Fighter (Gnoll Wanderer)              Turns: 39516, Time: 01:48:50

Health: -1/136     AC: 17    Str: 22    XL:     17   Next: 16%
Magic:  31/31      EV: 13    Int: 28    God:    the Shining One [******]
Gold:   514        SH:  0    Dex: 13    Spells: 21/37 levels left

rFire    . . .     SeeInvis .   a - +7 great mace {speed, *Noise +Blink Int+7}
rCold    + . .     Gourm    .   (shield currently unavailable)
rNeg     + + +     Faith    .   s - +2 scale mail {rPois}
rPois    +         Spirit   .   (no helmet)
rElec    .         Reflect  .   N - +0 cloak {MR+}
rCorr    .         Harm     .   x - +0 pair of gloves "Elur Leerr" {rC+}
MR       ++...                  y - +2 pair of boots
Stlth    ++........             (no amulet)
HPRegen  0.32/turn              o - +5 ring of intelligence
MPRegen  0.22/turn              Y - ring of wizardry

@: grasped by roots, glowing, constricted
A: distributed training, fangs 1, strong nose
a: Divine Shield, Cleansing Flame, Summon Divine Warrior, Brand Weapon With Holy
Wrath, Renounce Religion, Evoke Blink


You were on level 1 of the Swamp.
You worshipped the Shining One.
The Shining One was exalted by your worship.
You were not hungry.

You visited 5 branches of the dungeon, and saw 25 of its levels.
You visited 1 bazaar.
You also visited: Sewer and Ice Cave.

You collected 2615 gold pieces.
You spent 2101 gold pieces at shops.

Inventory:

Hand Weapons
 a - the +7 great mace "Viulug" (weapon) {speed, *Noise +Blink Int+7}
   (You took it off a two-headed ogre on level 9 of the Dungeon)

   Attacks with this weapon are significantly faster.
   It affects your intelligence (+7).
   It lets you blink.
   It may make noises in combat.
 b - the +6 hand crossbow of Annoyance {freeze, rElec Dex+4}
   (You found it on level 13 of the Dungeon)

   It causes projectiles fired from it to freeze those they strike, causing
   extra injury to most foes and up to half again as much damage against
   particularly susceptible opponents.
   They can also slow down cold-blooded creatures.
   It affects your dexterity (+4).
   It insulates you from electricity.
 d - a +2 double sword of freezing
 w - a +0 morningstar
 C - a +2 antimagic battleaxe
 K - a +1 great sword of flaming
Missiles
 j - 173 bolts
 l - 512 arrows
 G - 7 silver javelins (quivered)
 M - 13 javelins
 Q - 2 throwing nets
Armour
 s - a +2 scale mail of poison resistance (worn)
 x - the +0 pair of gloves "Elur Leerr" (worn) {rC+}
   (You acquired it on level 3 of the Lair of Beasts)

   It protects you from cold.
 y - a +2 pair of boots (worn)
 B - +2 pearl dragon scales
 N - a +0 cloak of magic resistance (worn)
Magical Staves
 H - an uncursed staff of fire
Jewellery
 o - a +5 ring of intelligence (left hand)
 t - an uncursed ring of resist corrosion
 Y - a ring of wizardry (right hand)
 Z - a +2 ring of protection
Wands
 z - a wand of digging (14)
 L - a wand of polymorph (9)
 R - a wand of flame (39)
 T - a wand of iceblast (7)
Scrolls
 e - 4 scrolls of blinking
 h - 7 scrolls of teleportation
 i - 5 scrolls of enchant weapon
 m - 4 scrolls of amnesia
 q - 4 scrolls of identify
 r - 6 scrolls of fog
 D - 3 scrolls of remove curse
 E - 4 scrolls of enchant armour
 O - a scroll of fear
 S - 3 scrolls of magic mapping
 V - 3 scrolls of holy word
 W - 2 scrolls of summoning
Potions
 c - 12 potions of curing
 g - 4 potions of heal wounds
 k - 2 potions of magic
 n - 2 potions of haste
 p - 14 potions of agility
 u - a potion of ambrosia
 v - 2 potions of mutation
 A - 7 potions of lignification
 F - 6 potions of flight
 I - 2 potions of brilliance
 J - 2 potions of resistance
 P - 2 potions of berserk rage
 U - 6 potions of might
 X - 4 potions of cancellation
Comestibles
 f - 21 rations


   Skills:
 + Level 13.1 Fighting
 + Level 10.6 Short Blades
 + Level 10.6 Long Blades
 + Level 10.6 Axes
 + Level 10.6 Maces & Flails
 + Level 10.6 Polearms
 + Level 11.4 Staves
 + Level 10.6 Slings
 + Level 10.6 Bows
 + Level 11.4 Crossbows
 + Level 10.6 Throwing
 + Level 10.6 Armour
 + Level 10.6 Dodging
 + Level 10.9 Stealth
 + Level 10.9 Shields
 + Level 10.6 Unarmed Combat
 + Level 10.6 Spellcasting
 + Level 9.0 Conjurations
 + Level 9.0 Hexes
 + Level 9.0 Charms
 + Level 9.0 Summonings
 + Level 9.0 Necromancy
 + Level 9.0 Translocations
 + Level 9.0 Transmutations
 + Level 9.0 Fire Magic
 + Level 9.0 Ice Magic
 + Level 9.0 Air Magic
 + Level 9.0 Earth Magic
 + Level 9.0 Poison Magic
 + Level 11.4 Invocations
 + Level 10.6 Evocations


You had 21 spell levels left.
You knew the following spells:

 Your Spells              Type           Power        Failure   Level  Hunger
b - Statue Form           Tmut/Erth      ######...    12%         6    #####..
c - Conjure Flame         Conj/Fire      ######..     1%          3    None
d - Summon Lightning Spi  Summ/Air       ######..     1%          4    None
h - Blink                 Tloc           N/A          1%          2    None
p - Apportation           Tloc           ######       1%          1    None

Your spell library contained the following spells:

 Spells                   Type           Power        Failure   Level  Hunger
 Animate Skeleton         Necr           N/A          1%          1    None
 Confusing Touch          Hex            ######       1%          1    None
 Corona                   Hex            ######.      1%          1    None
 Flame Tongue             Conj/Fire      #####        1%          1    None
 Freeze                   Ice            ####         1%          1    None
 Magic Dart               Conj           ####         1%          1    None
 Summon Small Mammal      Summ           ####         1%          1    None
 Call Imp                 Summ           ######..     1%          2    None
 Ensorcelled Hibernation  Hex/Ice        ######       1%          2    None
 Slow                     Hex            ######..     1%          2    None
 Throw Flame              Conj/Fire      ######       1%          2    None
 Throw Frost              Conj/Ice       ######       1%          2    None
 Call Canine Familiar     Summ           ######..     1%          3    None
 Confuse                  Hex            ######..     1%          3    None
 Dazzling Spray           Conj/Hex       ######       1%          3    None
 Inner Flame              Hex/Fire       ######..     1%          3    None
 Mephitic Cloud           Conj/Pois/Air  ######..     1%          3    None
 Ozocubu's Armour         Chrm/Ice       ######..     1%          3    None
 Recall                   Summ/Tloc      N/A          1%          3    None
 Summon Guardian Golem    Hex/Summ       ######..     1%          3    None
 Tukima's Dance           Hex            ######..     1%          3    None
 Animate Dead             Necr           N/A          1%          4    None
 Sticky Flame             Conj/Fire      ######..     1%          4    None
 Summon Ice Beast         Ice/Summ       ######..     1%          4    None
 Throw Icicle             Conj/Ice       ######..     1%          4    None
 Borgnjor's Vile Clutch   Necr/Erth      ######....   2%          5    ###....
 Fireball                 Conj/Fire      ######....   2%          5    ###....
 Irradiate                Conj/Tmut      ######....   2%          5    ###....
 Death Channel            Necr           ######....   12%         6    #####..
 Hydra Form               Tmut           ######....   12%         6    #####..
 Simulacrum               Ice/Necr       ######....   12%         6    #####..
 Dragon Form              Tmut           ######....   52%         7    ######.


Dungeon Overview and Level Annotations

Branches:
Dungeon (15/15)            Temple (1/1) D:7            Lair (6/6) D:9
  Swamp (1/4) Lair:2        Snake (0/4) Lair:2        Slime (0/5) Lair:6
    Orc (2/2) D:10            Elf (0/3) Orc:2        Vaults (0/5) D:13
 Depths (0/5) D:15          Sewer (visited)           IceCv (visited)

Altars:
Ashenzari
Cheibriados
Dithmenos
Elyvilon
Fedhas
Gozag
Hepliaklqana
Kikubaaqudgha
Makhleb
Nemelex Xobeh
Okawaru
Qazlal
Ru
Sif Muna
Trog
Uskayaw
Vehumet
Wu Jian
Xom
Yredelemnul
Zin
The Shining One
Jiyva

Shops:
D:4 :   D:6 [   D:12 (   D:15 :*!*   Orc:1 :*   Orc:2 *%[*

Annotations:
D:8 1 runed translucent door, evildog's ghost, novice FoFi
D:15 2 transporters, Onoqeda's ghost, journeyman DsBe; Roxanne
Lair:2 exclusion: oklob plant


Innate Abilities, Weirdness & Mutations

Your experience applies equally to all skills.
You have very sharp teeth.
Your uncanny sense of smell can sniff out nearby items.


Message History

You hit the shambling mangrove but do no damage.
You bite the shambling mangrove.
The shambling mangrove is severely damaged.
A vampire mosquito comes into view.
Unknown command.
The vampire mosquito buzzes angrily.
You bludgeon the shambling mangrove!!
The shambling mangrove is almost destroyed.
The shambling mangrove hits you!!
* * * LOW HITPOINT WARNING * * *
x2 The grasping roots constrict you!
Unknown command.
You hit the shambling mangrove. You bite the shambling mangrove.
The shambling mangrove is almost destroyed.
Unknown command.
You hit the shambling mangrove but do no damage.
You bite the shambling mangrove, but do no damage.
The shambling mangrove is almost destroyed.
The shambling mangrove closely misses you.
You die...

≈..♣ .≈.♣ ≈.♣ ..♣
♣≈♣ .≈ ♣y♣ ♣.≈.
♣y♣♣ ♣.≈.♣♣♣♣fy♣
♣≈≈≈...@♣.♣
.≈≈≈≈≈≈≈≈.♣♣
♣≈≈≈.≈≈♣.♣.♣
♣.≈≈.≈≈...♣♣
♣♣.♣.≈≈.<.♣♣
♣.≈≈....♣..♣♣♣♣♣♣
≈≈≈≈≈≈.≈≈≈...§≈.♣
..)...≈..§≈..♣♣♣
.....♣♣♣♣♣♣♣♣♣


You could see a shambling mangrove, a hornet and 2 vampire mosquitoes.

Vanquished Creatures
  Frances (D:12)
  A fire giant (D:15)
  An orc warlord (Orc:1)
  A frost giant (IceCv)
  5 dire elephants (Lair:6)
  Josephine (Orc:1)
  Fannar (Orc:1)
  Harold (D:7)
  3 vault guards (D:13)
  9 hydras
  A centaur warrior (D:15)
  A catoblepas (Lair:1)
  5 two-headed ogres
  An anaconda (Lair:6)
  4 death yaks (Lair:6)
  3 orc high priests (Orc:2)
  3 unseen horrors
  A flayed ghost (D:10)
  A deep troll (D:10)
  A lindwurm (Lair:6)
  An orb spider (Lair:3)
  2 deep elf magi (D:14)
  4 orc knights
  A mana viper (Lair:3)
  6 cyclopes
  2 manticores
  5 ugly things
  5 orc sorcerers (Orc:2)
  4 elephants (Lair:6)
  2 ice statues (IceCv)
  4 black mambas
  Maurice (D:10)
  An eye of devastation (D:12)
  4 centaur zombies
  6 spiny frogs
  4 orange demons
  3 torpor snails (Lair:6)
  A kobold demonologist (D:13)
  3 gargoyles
  6 komodo dragons
  11 rime drakes
  4 red devils (D:11)
  10 trolls
  A tengu conjurer (D:15)
  15 polar bears
  A queen bee (Lair:6)
  9 slime creatures
  3 blink frogs (Lair:5)
  14 hippogriffs
  7 dream sheep
  A spriggan (D:8)
  6 wraiths
  21 yaks
  7 humans (D:13)
  9 wyverns
  Eustachio (D:4)
  A hog (D:10)
  5 basilisks
  2 steam dragons
  7 vampire mosquitoes (D:15)
  A hungry ghost (D:14)
  6 wargs
  17 water moccasins
  3 porcupines
  21 orc warriors
  3 sky beasts
  3 ice beasts
  2 phantoms
  19 wolves
  9 ogres
  2 eyes of draining
  14 centaurs
  A necrophage (D:14)
  13 crocodiles
  A big kobold (D:10)
  17 bullfrogs
  A wyvern zombie (D:12)
  A water moccasin skeleton (D:4)
  A scorpion (D:12)
  11 killer bees
  4 wights (D:14)
  4 howler monkeys
  An electric eel (Lair:5)
  A quasit (D:8)
  3 jellies
  A crimson imp (D:15)
  A hound (D:8)
  A wyvern simulacrum (D:15)
  8 orc priests
  18 orc wizards
  3 centaur skeletons
  2 iguanas (D:10)
  4 worker ants
  2 hound skeletons
  A howler monkey zombie (D:10)
  6 gnolls
  2 howler monkey skeletons
  22 adders
  7 shadow imps
  6 oozes
  An adder zombie (D:6)
  3 adder skeletons
  7 worms
  3 dart slugs
  2 leopard geckos (D:5)
  68 orcs
  6 ball pythons
  10 bats
  12 giant cockroaches
  6 goblins
  7 hobgoblins
  7 jackals
  17 kobolds
  5 quokkas
  A frilled lizard (D:3)
  13 rats
  2 plants (Lair:6)
658 creatures vanquished.

Vanquished Creatures (collateral kills)
  Saint Roka (Orc:2)
  Jorgrun (Orc:1)
  The ghost of KlarStein the Covert, a novice KoHu of Okawaru (D:9)
  An orc knight (Orc:2)
  An orc sorcerer (Orc:2)
  2 humans (D:13)
  A yak (IceCv)
  3 orc warriors (Orc:2)
  2 wolves (IceCv)
  An ogre (Orc:1)
  An orc priest (Orc:2)
  5 orcs
20 creatures vanquished.

Vanquished Creatures (others)
  A hornet zombie (D:15)
  A crocodile (D:15)
  An orc wizard (Orc:2)
  5 orcs
  A bush (Lair:4)
  13 fungi
  13 plants
35 creatures vanquished.

Grand Total: 713 creatures vanquished

Notes
Turn   | Place    | Note
-------+----------+-------------------------------------------
     0 | D:1      | Kagalorn the Gnoll Wanderer began the quest for the Orb.
     0 | D:1      | Kagalorn set off with the following items: a +2 hand
                  | crossbow, 26 bolts, 2 potions of curing, a +0 robe, a
                  | ration
     0 | D:1      | Reached XP level 1. HP: 26/26 MP: 1/1
    95 | D:1      | Reached XP level 2. HP: 31/33 MP: 2/2
   182 | D:1      | You fall into a shaft and drop 1 floor!
   331 | D:2      | Found an iron altar of Okawaru.
   730 | D:2      | Reached XP level 3. HP: 27/38 MP: 3/3
  1035 | D:2      | Reached skill level 1 in Invocations
  1124 | D:2      | Reached skill level 1 in Short Blades
  1124 | D:2      | Reached skill level 1 in Long Blades
  1124 | D:2      | Reached skill level 1 in Axes
  1124 | D:2      | Reached skill level 1 in Maces & Flails
  1124 | D:2      | Reached skill level 1 in Polearms
  1124 | D:2      | Reached skill level 1 in Slings
  1124 | D:2      | Reached skill level 1 in Bows
  1124 | D:2      | Reached skill level 1 in Throwing
  1124 | D:2      | Reached skill level 1 in Armour
  1124 | D:2      | Reached skill level 1 in Dodging
  1124 | D:2      | Reached skill level 1 in Unarmed Combat
  1124 | D:2      | Reached skill level 1 in Spellcasting
  1124 | D:2      | Reached skill level 1 in Evocations
  1322 | D:2      | Reached XP level 4. HP: 38/45 MP: 5/5
  1523 | D:2      | Reached skill level 1 in Conjurations
  1523 | D:2      | Reached skill level 1 in Hexes
  1523 | D:2      | Reached skill level 1 in Charms
  1523 | D:2      | Reached skill level 1 in Summonings
  1523 | D:2      | Reached skill level 1 in Necromancy
  1523 | D:2      | Reached skill level 1 in Translocations
  1523 | D:2      | Reached skill level 1 in Transmutations
  1523 | D:2      | Reached skill level 1 in Fire Magic
  1523 | D:2      | Reached skill level 1 in Ice Magic
  1523 | D:2      | Reached skill level 1 in Air Magic
  1523 | D:2      | Reached skill level 1 in Earth Magic
  1523 | D:2      | Reached skill level 1 in Poison Magic
  1803 | D:3      | Reached XP level 5. HP: 45/51 MP: 6/6
  2197 | D:3      | Found a faded altar of an unknown god.
  2682 | D:4      | Found Dyiru's Book Boutique.
  2857 | D:4      | Reached XP level 6. HP: 56/57 MP: 8/8
  3015 | D:4      | Reached skill level 5 in Staves
  3015 | D:4      | Reached skill level 5 in Crossbows
  3372 | D:5      | Entered Level 5 of the Dungeon
  3423 | D:5      | Found a glowing golden altar of the Shining One.
  3429 | D:5      | Became a worshipper of the Shining One
  3607 | D:5      | Reached XP level 7. HP: 38/63 MP: 10/10
  3731 | D:5      | Found a glowing drain.
  3866 | Sewer    | Entered a sewer
  5102 | D:5      | Noticed Eustachio
  5200 | D:4      | Killed Eustachio
  5200 | D:4      | Reached skill level 9 in Fighting
  5595 | D:6      | Found a sacrificial altar of Ru.
  5643 | D:6      | Reached XP level 8. HP: 71/71 MP: 12/12
  5933 | D:6      | Reached * piety under the Shining One
  6049 | D:6      | Found Zuoxoin's Armour Shop.
  6458 | D:7      | Found a staircase to the Ecumenical Temple.
  6474 | Temple   | Entered the Ecumenical Temple
  7191 | D:7      | Noticed Harold
  7322 | D:8      | Found a runed translucent door.
  7322 | D:8      | Found a shimmering altar of Xom.
  7322 | D:8      | Noticed evildog's ghost (novice FoFi)
  7322 | D:8      | Noticed a +1 falchion of chaos
  7376 | D:8      | Noticed a hippogriff
  7385 | D:8      | Killed a hippogriff
  7619 | D:8      | Reached XP level 9. HP: 67/76 MP: 14/14
  8456 | D:8      | Reached skill level 5 in Shields
  8535 | D:9      | Reached ** piety under the Shining One
  8570 | D:9      | Reached skill level 5 in Stealth
  9108 | D:8      | Reached skill level 5 in Invocations
  9623 | D:9      | Found a transporter.
  9624 | D:9      | Identified the +7 great mace "Viulug" {speed, *Noise +Blink
                  | Int+7}
  9624 | D:9      | Identified the +4 great mace "Orb Guardian's Peril" {venom,
                  | rPois}
  9624 | D:9      | Noticed a two-headed ogre
  9626 | D:9      | Noticed a two-headed ogre
  9670 | D:9      | Reached XP level 10. HP: 68/84 MP: 17/17
  9700 | D:9      | Found a staircase to the Lair.
  9805 | D:9      | Noticed KlarStein's ghost (novice KoHu)
  9807 | D:9      | Found a transporter.
  9838 | D:10     | Entered Level 10 of the Dungeon
  9988 | D:10     | Noticed a two-headed ogre
 10072 | D:10     | Noticed Psyche
 10073 | D:10     | Noticed Psyche
 10073 | D:10     | Psyche changed into Psyche the hog
 10077 | D:10     | Killed Psyche the hog
 10080 | D:10     | Noticed a cyclops
 10284 | D:10     | Reached skill level 5 in Short Blades
 10284 | D:10     | Reached skill level 5 in Long Blades
 10284 | D:10     | Reached skill level 5 in Axes
 10284 | D:10     | Reached skill level 5 in Maces & Flails
 10284 | D:10     | Reached skill level 5 in Polearms
 10284 | D:10     | Reached skill level 5 in Slings
 10284 | D:10     | Reached skill level 5 in Bows
 10284 | D:10     | Reached skill level 5 in Throwing
 10284 | D:10     | Reached skill level 5 in Armour
 10284 | D:10     | Reached skill level 5 in Dodging
 10284 | D:10     | Reached skill level 5 in Unarmed Combat
 10284 | D:10     | Reached skill level 5 in Spellcasting
 10284 | D:10     | Reached skill level 5 in Evocations
 10319 | D:10     | Killed a cyclops
 10438 | D:10     | Reached skill level 10 in Fighting
 10464 | D:10     | Found a large runed translucent door.
 10465 | D:10     | Found a large runed translucent door.
 10539 | D:10     | Noticed Maurice
 10573 | D:10     | Killed Maurice
 10601 | D:10     | Reached *** piety under the Shining One
 10638 | D:10     | Found a staircase to the Orcish Mines.
 11145 | D:9      | Killed a two-headed ogre
 11659 | D:11     | Noticed an unseen horror
 11667 | D:11     | Killed an unseen horror
 11690 | D:10     | Reached XP level 11. HP: 48/91 MP: 19/19
 12869 | D:11     | Reached skill level 5 in Conjurations
 12869 | D:11     | Reached skill level 5 in Hexes
 12869 | D:11     | Reached skill level 5 in Charms
 12869 | D:11     | Reached skill level 5 in Summonings
 12869 | D:11     | Reached skill level 5 in Necromancy
 12869 | D:11     | Reached skill level 5 in Translocations
 12869 | D:11     | Reached skill level 5 in Transmutations
 12869 | D:11     | Reached skill level 5 in Fire Magic
 12869 | D:11     | Reached skill level 5 in Ice Magic
 12869 | D:11     | Reached skill level 5 in Air Magic
 12869 | D:11     | Reached skill level 5 in Earth Magic
 12869 | D:11     | Reached skill level 5 in Poison Magic
 13117 | D:11     | Noticed a two-headed ogre
 13170 | D:11     | Killed a two-headed ogre
 13484 | D:11     | Noticed a cyclops
 13549 | D:10     | Killed a cyclops
 13757 | D:11     | Noticed an unseen horror
 13772 | D:11     | Killed an unseen horror
 14065 | Lair:1   | Entered Level 1 of the Lair of Beasts
 14300 | Lair:1   | Noticed a six-headed hydra
 14577 | Orc:1    | Entered Level 1 of the Orcish Mines
 14580 | Orc:1    | Noticed a cyclops
 14993 | Orc:1    | Killed a cyclops
 15065 | Orc:1    | Noticed Jorgrun
 15087 | Orc:1    | Killed Jorgrun
 15087 | Orc:1    | Reached XP level 12. HP: 7/99 MP: 22/22
 15660 | Orc:1    | Found Asainwua's General Store.
 15668 | Orc:1    | Bought a scroll of teleportation for 33 gold pieces
 15756 | Orc:1    | Noticed Fannar
 15836 | Orc:1    | Killed Fannar
 16198 | Orc:1    | Reached **** piety under the Shining One
 16713 | Orc:1    | Noticed an orc warlord
 17056 | D:11     | Reached skill level 11 in Fighting
 17257 | D:12     | Found Wiuro's Antique Weapon Shoppe.
 17864 | D:12     | Noticed Frances
 18093 | D:7      | Killed Harold
 18405 | D:9      | Killed a six-headed hydra
 19277 | Lair:1   | Noticed a six-headed hydra
 19287 | Lair:1   | Killed a six-headed hydra
 19967 | Lair:2   | Learned a level 3 spell: Conjure Flame
 20041 | Lair:2   | Reached XP level 13. HP: 106/106 MP: 24/24
 20505 | Lair:2   | Found a staircase to the Snake Pit.
 21539 | Lair:2   | Found a staircase to the Swamp.
 22359 | Lair:3   | Noticed Urug
 22459 | Lair:3   | Noticed Urug
 22459 | Lair:3   | Urug changed into Urug the mana viper
 22468 | Lair:3   | Killed Urug the mana viper
 22854 | Lair:3   | Noticed Sonja
 22855 | Lair:3   | Noticed Sonja
 22855 | Lair:3   | Sonja changed into Sonja the orb spider
 22866 | Lair:3   | Killed Sonja the orb spider
 23067 | Lair:3   | Identified a scroll of acquirement
 23071 | Lair:3   | Got a pair of bloodstained gloves
 23082 | Lair:3   | Identified the +0 pair of gloves "Elur Leerr" {rC+} (You
                  | acquired it on level 3 of the Lair of Beasts)
 25361 | Lair:4   | Learned a level 4 spell: Summon Lightning Spire
 25363 | Lair:4   | Learned a level 1 spell: Apportation
 25370 | Lair:4   | Learned a level 6 spell: Statue Form
 26429 | Lair:6   | Entered Level 6 of the Lair of Beasts
 26460 | Lair:6   | Reached XP level 14. HP: 96/114 MP: 26/26
 27021 | Lair:6   | Found a snail-covered altar of Cheibriados.
 27138 | Lair:6   | Found a staircase to the Slime Pits.
 27138 | Lair:6   | Found a viscous altar of Jiyva.
 27229 | Lair:6   | Reached skill level 12 in Fighting
 27229 | Lair:6   | Reached skill level 10 in Staves
 27229 | Lair:6   | Reached skill level 10 in Crossbows
 28911 | Lair:6   | Noticed a dire elephant
 28920 | Lair:6   | Noticed a dire elephant
 28925 | Lair:6   | Noticed a dire elephant
 28930 | Lair:6   | Killed a dire elephant
 29291 | Lair:6   | Noticed a dire elephant
 29325 | Lair:6   | Killed a dire elephant
 29565 | Lair:6   | Killed a dire elephant
 29565 | Lair:6   | Reached skill level 10 in Invocations
 29984 | Lair:6   | Noticed a dire elephant
 29984 | Lair:6   | Noticed a dire elephant
 30031 | Lair:6   | Killed a dire elephant
 30447 | Lair:6   | Killed a dire elephant
 30978 | D:9      | Killed KlarStein's ghost
 31227 | D:10     | Found a burning altar of Makhleb.
 31248 | D:10     | Found a basalt altar of Yredelemnul.
 31390 | D:12     | Killed Frances
 31407 | D:12     | Noticed Nessos
 31413 | D:12     | Noticed Nessos
 31413 | D:12     | Nessos changed into Nessos the eye of devastation
 31422 | D:12     | Killed Nessos the eye of devastation
 32068 | D:13     | Found a frozen archway.
 32160 | D:13     | Found a flickering gateway to a bazaar.
 32164 | Bazaar   | Entered a bazaar
 32177 | Bazaar   | Found Gout's Armour Shop.
 32185 | Bazaar   | Found Cimul's Jewellery Shoppe.
 32191 | Bazaar   | Found Untizini's Weapon Shoppe.
 32196 | Bazaar   | Found Itit's Antique Armour Emporium.
 32207 | Bazaar   | Found Xiorpheng's Gadget Boutique.
 32307 | D:13     | Reached ***** piety under the Shining One
 32332 | IceCv    | Entered an ice cave
 32349 | IceCv    | Reached XP level 15. HP: 112/122 MP: 28/28
 32843 | IceCv    | Reached skill level 10 in Shields
 32965 | IceCv    | Reached skill level 10 in Stealth
 32977 | IceCv    | Noticed a frost giant
 33011 | IceCv    | Killed a frost giant
 33380 | D:13     | Found a gate to the Vaults.
 33531 | D:13     | Got an ancient hand crossbow
 33532 | D:13     | Identified the +6 hand crossbow of Annoyance {freeze, rElec
                  | Dex+4} (You found it on level 13 of the Dungeon)
 34774 | D:14     | Reached skill level 10 in Short Blades
 34774 | D:14     | Reached skill level 10 in Long Blades
 34774 | D:14     | Reached skill level 10 in Axes
 34774 | D:14     | Reached skill level 10 in Maces & Flails
 34774 | D:14     | Reached skill level 10 in Polearms
 34774 | D:14     | Reached skill level 10 in Slings
 34774 | D:14     | Reached skill level 10 in Bows
 34774 | D:14     | Reached skill level 10 in Throwing
 34774 | D:14     | Reached skill level 10 in Armour
 34774 | D:14     | Reached skill level 10 in Dodging
 34774 | D:14     | Reached skill level 10 in Unarmed Combat
 34774 | D:14     | Reached skill level 10 in Spellcasting
 34774 | D:14     | Reached skill level 10 in Evocations
 35142 | D:15     | Entered Level 15 of the Dungeon
 35143 | D:15     | Found Zeoqeer's Assorted Antiques.
 35154 | D:15     | Found a staircase to the Depths.
 35154 | D:15     | Noticed a fire giant
 35282 | Orc:1    | Killed an orc warlord
 35355 | Orc:1    | Found Wumpat's Book Boutique.
 35414 | Orc:2    | Entered Level 2 of the Orcish Mines
 35797 | Orc:2    | Paralysed by an orc sorcerer for 7 turns
 35844 | Orc:2    | Noticed Saint Roka
 36254 | Orc:2    | Killed Saint Roka
 36945 | Orc:2    | Found a staircase to the Elven Halls.
 37417 | Orc:1    | Noticed Josephine
 37666 | Orc:1    | Killed Josephine
 37863 | Orc:2    | Reached ****** piety under the Shining One
 37954 | Orc:2    | Found Suzits's Assorted Antiques.
 37954 | Orc:2    | Found Famug's General Store.
 37956 | Orc:2    | Found Husuat's Antique Armour Shoppe.
 37956 | Orc:2    | Found Yrarubas's Food Shop.
 37970 | Orc:2    | Bought a crude helmet for 256 gold pieces
 37975 | Orc:2    | Identified the +2 helmet of Hysteria {*Slow rN+ Str+4} (You
                  | bought it in a shop on level 2 of the Orcish Mines)
 37985 | Orc:2    | Bought a potion of heal wounds for 70 gold pieces
 37985 | Orc:2    | Bought a scroll of teleportation for 42 gold pieces
 37985 | Orc:2    | Bought 2 potions of cancellation for 224 gold pieces
 38158 | D:15     | Identified Roxanne's Papyrus of Transformation
 38158 | D:15     | Noticed Roxanne
 38172 | D:15     | Found Bugosa's Distillery.
 38184 | D:15     | Reached XP level 16. HP: 108/129 MP: 30/30
 38191 | D:15     | Bought a potion of curing for 42 gold pieces
 38191 | D:15     | Bought a potion of berserk rage for 70 gold pieces
 38191 | D:15     | Bought a potion of lignification for 42 gold pieces
 38191 | D:15     | Bought a potion of curing for 42 gold pieces
 38191 | D:15     | Bought a potion of ambrosia for 112 gold pieces
 38191 | D:15     | Bought a potion of curing for 42 gold pieces
 38191 | D:15     | Bought a potion of might for 56 gold pieces
 38191 | D:15     | Bought 2 potions of agility for 112 gold pieces
 38191 | D:15     | Bought a potion of curing for 42 gold pieces
 38191 | D:15     | Bought a potion of agility for 56 gold pieces
 38630 | D:15     | Reached skill level 13 in Fighting
 38733 | D:15     | Found a transporter.
 38741 | D:15     | Noticed Onoqeda's ghost (journeyman DsBe)
 38748 | D:15     | Found a transporter.
 38765 | D:15     | Noticed a shadow dragon
 38822 | D:15     | Found Gostinwir's Book Shoppe.
 38825 | D:15     | Bought a book of Minor Magic for 260 gold pieces
 38829 | D:15     | Learned a level 2 spell: Blink
 38923 | D:15     | Found Luexuof's Distillery.
 38928 | D:15     | Found Ruicyss's Assorted Antiques.
 38937 | D:15     | Bought a potion of experience for 600 gold pieces
 38937 | D:15     | Reached XP level 17. HP: 127/136 MP: 31/31
 39490 | Swamp:1  | Entered Level 1 of the Swamp
 39516 | Swamp:1  | Slain by a shambling mangrove

Levels and vault maps discovered:
D:1:      minmay_arrival_diagonal_passages, layout_basic
D:2:      layout_basic, okawaru_gym_becter
D:3:      layout_loops_ring, first_ration,
          chequers_ecumenical_altar_simple_redux
D:4:      layout_rooms, serial_shops, nicolae_shop_crystal, serial_bayou,
          serial_bayou_lake_a, serial_bayou_lagoon_b, serial_bayou_lagoon_a,
          serial_bayou_ford_a
D:5:      wander_river, layout_loops_ring, basic_altar, serial_rivers,
          chequers_serial_rivers_small_b, chequers_serial_rivers_micro_d,
          chequers_serial_rivers_room_a, chequers_serial_rivers_micro_c,
          portal_sewer_entry_b, uniq_eustachio
D:6:      kb_forest_paths, layout_loops_ring, nicolae_ru_path_of_blood,
          serial_shops, shop
D:7:      layout_basic, temple_fountains, uniq_harold
D:8:      layout_gridville, ebering_ghost_xom, minmay_misc_feat_columns,
          the_bakery, minmay_statues_item, moated_statue
D:9:      layout_big_octagon, gammafunk_ghost_smash, eino_jars
D:10:     layout_roguey, orc_0_dummy, hangedman_decor_opposing,
          jmf_multi_god_temple2, uniq_psyche, uniq_maurice
D:11:     layout_rooms, minmay_beelzebubs_servants
D:12:     layout_loops_ring, serial_shops, shop, uniq_frances, uniq_nessos
D:13:     layout_loops_corners, ximxim_vaults_locker_room, serial_shops,
          bzr_in_the_mist, portal_ice_cave_rime, hangedman_decor_lopped
D:14:     layout_roguey, chequers_big_river
D:15:     grunt_enter_depths_giant_problem, layout_loops_ring, serial_shops,
          nicolae_shop_trees, nicolae_shop_temple_entry_statues_fountains, shop,
          nicolae_shop_behind_doors, shop, gammafunk_ghost_berserking_beasts,
          grunt_decor_cap, lemuel_flamethrower_2, uniq_roxanne
Temple:   minmay_crystal_snake_temple
Lair:1:   layout_regular_city
Lair:2:   layout_cave_pods, swamp_mist, minmay_snake_entry_six_corridors
Lair:3:   layout_cave_pods, uniq_urug, uniq_sonja
Lair:4:   layout_roguey [special_room_mythical_zoo], grunt_megastairs_1
Lair:5:   layout_regular_city, infiniplex_staircase_pool
Lair:6:   due_jungle_book, layout_misc_corridors, slime_altar_1,
          kennysheep_snail_temple
Swamp:1:  layout_falls_marsh, evilmike_swamp_ruin_house_1,
          infiniplex_staircase_pool_2
Orc:1:    layout_caves, serial_shops, shop_statue, shop, lightli_orcish_oven,
          uniq_josephine, uniq_jorgrun, uniq_fannar
Orc:2:    grunt_orc_tribal_feast, layout_caves, uniq_saint_roka

Skill      XL: |  1  2  3  4  5  6  7  8  9 10 11 12 13 14 15 16 |
---------------+-------------------------------------------------+-----
Invocations    | 1 2 3 4 5 6 7 8 9 10 11 | 11.4
Short Blades   | 1 2 3 4 5 6 7 8 9 10 | 10.6
Long Blades    | 1 2 3 4 5 6 7 8 9 10 | 10.6
Axes           | 1 2 3 4 5 6 7 8 9 10 | 10.6
Maces & Flails | 1 2 3 4 5 6 7 8 9 10 | 10.6
Polearms       | 1 2 3 4 5 6 7 8 9 10 | 10.6
Slings         | 1 2 3 4 5 6 7 8 9 10 | 10.6
Bows           | 1 2 3 4 5 6 7 8 9 10 | 10.6
Throwing       | 1 2 3 4 5 6 7 8 9 10 | 10.6
Armour         | 1 2 3 4 5 6 7 8 9 10 | 10.6
Dodging        | 1 2 3 4 5 6 7 8 9 10 | 10.6
Unarmed Combat | 1 2 3 4 5 6 7 8 9 10 | 10.6
Spellcasting   | 1 2 3 4 5 6 7 8 9 10 | 10.6
Evocations     | 1 2 3 4 5 6 7 8 9 10 | 10.6
Conjurations   | 1 2 3 4 5 6 7 8 9 |  9.0
Hexes          | 1 2 3 4 5 6 7 8 9 |  9.0
Charms         | 1 2 3 4 5 6 7 8 9 |  9.0
Summonings     | 1 2 3 4 5 6 7 8 9 |  9.0
Necromancy     | 1 2 3 4 5 6 7 8 9 |  9.0
Translocations | 1 2 3 4 5 6 7 8 9 |  9.0
Transmutations | 1 2 3 4 5 6 7 8 9 |  9.0
Fire Magic     | 1 2 3 4 5 6 7 8 9 |  9.0
Ice Magic      | 1 2 3 4 5 6 7 8 9 |  9.0
Air Magic      | 1 2 3 4 5 6 7 8 9 |  9.0
Earth Magic    | 1 2 3 4 5 6 7 8 9 |  9.0
Poison Magic   | 1 2 3 4 5 6 7 8 9 |  9.0
Shields        | 3 4 5 6 7 8 9 10 | 10.9
Staves         | 5 6 7 8 9 10 11 | 11.4
Crossbows      | 5 6 7 8 9 10 11 | 11.4
Stealth        | 3 4 5 6 7 8 9 10 | 10.9
Fighting       | 9 10 11 12 13 | 13.1

Action                   |  1- 3 |  4- 6 |  7- 9 | 10-12 | 13-15 | 16-18 || total
-------------------------+-------+-------+-------+-------+-------+-------++-------
Melee: Unarmed           |    45 |       |       |       |       |       ||    45
       Bite              |    18 |    33 |    90 |    96 |   163 |    16 ||   416
       Short sword       |    81 |    27 |       |       |       |       ||   108
       Dagger            |       |   238 |   711 |       |       |       ||   949
       Punch             |       |       |     9 |    24 |    33 |       ||    66
       Morningstar       |       |       |    70 |   657 |   251 |       ||   978
       War axe           |       |       |    14 |       |       |       ||    14
       Double sword      |       |       |       |       |   240 |       ||   240
       Great mace        |       |       |       |       |   640 |    89 ||   729
 Fire: Hand crossbow     |     8 |     2 |    26 |     6 |    17 |       ||    59
Throw: Dart              |       |     6 |    15 |       |       |       ||    21
       Stone             |       |       |       |     2 |       |       ||     2
       Javelin           |       |       |       |       |     1 |       ||     1
 Cast: Conjure Flame     |       |       |       |       |    31 |       ||    31
       Summon Lightning  |       |       |       |       |    23 |       ||    23
       Apportation       |       |       |       |       |       |     1 ||     1
Invok: Divine Shield     |       |       |       |       |     2 |       ||     2
       Summon Divine War |       |       |       |       |     1 |       ||     1
Evoke: Wand              |       |       |     2 |     4 |     8 |       ||    14
  Use: Scroll            |       |     6 |    11 |    13 |    10 |     2 ||    42
       Potion            |       |       |     1 |     4 |     2 |     1 ||     8
 Stab: Sleeping          |     1 |       |       |       |       |       ||     1
  Eat: Chunk             |     1 |     8 |     8 |    15 |    34 |     3 ||    69
       Ration            |       |       |     4 |     5 |     8 |     1 ||    18
Armor: Robe              |     9 |       |       |       |       |       ||     9
       Ring mail         |    29 |     4 |       |       |       |       ||    33
       Scale mail        |       |    71 |    68 |       |   163 |       ||   302
       Chain mail        |       |       |   331 |       |       |       ||   331
       Plate armour      |       |       |   116 |   553 |   114 |       ||   783
       Pearl dragon scal |       |       |       |       |   362 |    49 ||   411
Dodge: Dodged            |    61 |    91 |   353 |   388 |   874 |    41 ||  1808
Block: Other             |       |       |       |       |    19 |       ||    19
       Rpst.: Double sword |       |       |       |       |    44 |       ||    44
